AoeStats
← ivcrk826

Fortress

509672472Analyzed
4v4 RM · 4d ago on Sep 27, 2026· 29m 45s· 8 players
Game mode
Random Map
Map size
Huge
Population
200
Speed
Normal
Resources
Standard
Victory
Conquest
Starting age
Dark Age
Ending age
Imperial Age
RankedLock teamsTeams togetherTeam positionsShared explorationLock speedFull tech treeHidden civsTurbo modeCheats
Victory
Defeat
🇲🇽 Hindustanis · Mexico
1518
+12
🇨🇴 Italians · Colombia
1516
+12
🇲🇽 Turks · Mexico
1485
+13
🇨🇴 Cumans · Colombia
1481
+13
🇨🇳 Spanish · China
1465
-14
🇦🇷 Malay · Argentina
1451
-14
🇨🇳 Varangians · China
1404
-12
1358
-10
ivcrk826
8:07 Feudal Age
8:52 Loom
11:57 Castle Age
9:58 Double-Bit Axe
10:38 Horse Collar
11:22 Scale Barding Armor
18:04 Husbandry
21:28 Forging
22:49 Iron Casting
old f1sh
7:29 Feudal Age
8:16 Double-Bit Axe
11:07 Castle Age
9:49 Horse Collar
13:45 Bow Saw
18:07 Wheelbarrow
20:59 Gold Mining
21:11 Heavy Plow
23:40 Hand Cart
23:19 Loom
24:28 Padded Archer Armor
27:05 Imperial Age
25:20 Husbandry
25:30 Bloodlines
25:37 Leather Archer Armor
27:08 Elite Conquistador
28:08 Conscription
28:39 Ring Archer Armor
29:59 Chemistry
29:10 Masonry
28:53 Guard Tower
V我50%匡扶汉室
7:36 Feudal Age
9:23 Double-Bit Axe
11:50 Castle Age
10:02 Horse Collar
11:33 Loom
13:38 Bow Saw
13:31 Heavy Plow
20:04 Gold Mining
20:04 Stone Mining
20:55 Wheelbarrow
23:18 Hand Cart
28:16 Imperial Age
26:23 Bloodlines
26:14 Husbandry
26:53 Scale Barding Armor
26:59 Forging
29:06 Chain Barding Armor
29:23 Iron Casting
涅槃重生
7:07 Feudal Age
11:11 Castle Age
10:22 Double-Bit Axe
16:07 Loom
19:11 Bow Saw
20:07 Wheelbarrow
20:17 Bow Saw
22:17 Scale Barding Armor
22:22 Forging
23:39 Chain Barding Armor
28:02 Imperial Age
29:05 Iron Casting
29:23 Plate Barding Armor
ELEG | IronLeg
8:46 Feudal Age
12:55 Castle Age
12:55 Loom
16:32 Imperial Age
14:38 Horse Collar
14:44 Double-Bit Axe
14:52 Gold Mining
17:26 Ballistics
17:13 Fletching
18:27 Chemistry
18:15 Bodkin Arrow
19:42 Bow Saw
22:20 Bracer
25:18 Ballistics
26:08 Padded Archer Armor
29:48 Wheelbarrow
29:58 Conscription
29:50 Thumb Ring
29:21 Elite Genoese Crossbowman
ELEG | Kynby
6:57 Feudal Age
7:32 Double-Bit Axe
7:27 Horse Collar
17:31 Castle Age
16:04 Gold Mining
17:05 Scale Barding Armor
17:10 Forging
17:37 Bloodlines
18:43 Chain Barding Armor
24:37 Iron Casting
赤いドラゴン
7:14 Feudal Age
11:10 Castle Age
9:34 Double-Bit Axe
9:33 Horse Collar
13:08 Bow Saw
14:43 Heavy Plow
18:42 Wheelbarrow
23:52 Imperial Age
21:56 Gold Mining
22:26 Scale Barding Armor
22:35 Bloodlines
22:25 Husbandry
23:14 Gold Shaft Mining
23:35 Hand Cart
23:45 Chain Barding Armor
24:25 Forging
24:18 Heavy Camel Rider
26:07 Plate Barding Armor
25:32 Loom
27:42 Iron Casting
27:35 Imperial Camel Rider
29:25 Blast Furnace
29:03 Town Watch
LicKawamas97
8:19 Feudal Age
8:45 Loom
12:21 Castle Age
10:43 Double-Bit Axe
17:28 Imperial Age
15:50 Horse Collar
16:57 Gold Mining
17:45 Bow Saw
29:48 Sipahi
29:32 Padded Archer Armor
Connection lost

Rejoining the realm…

Still unreachable

The connection could not be restored.

Session expired

The server has moved on; the page needs a fresh start.